 Dungeon Crawl Stone Soup version 0.17.0-9-g801d43b (webtiles) character file.

427 JudasIscariot the Ducker (level 7, -4/42 HPs)
             Began as a Kobold Abyssal Knight on Nov 9, 2015.
             Was a Believer of Lugonu.
             Shot with an arrow of dispersal by a centaur (13 damage)
             ... on level 5 of the Dungeon.
             The game lasted 00:15:07 (5081 turns).

JudasIscariot the Ducker (Kobold Abyssal Knight)    Turns: 5081, Time: 00:15:08

Health: -4/42      AC:  5    Str: 11    XL:     7   Next: 18%
Magic:  9/9        EV: 18    Int: 10    God:    Lugonu [**....]
Gold:   309        SH:  0    Dex: 17    Spells: 0 memorised, 6 levels left

rFire  . . .     SeeInvis .     a - +1 short sword
rCold  + . .     Clarity  .     q - +0 leather armour
rNeg   . . .     SustAt   .     (shield restricted)
rPois  .         Gourm    +     w - +0 helmet
rElec  .         Spirit   .     j - +0 cloak
rCorr  .         Warding  .     (no gloves)
rMut   .         Stasis   .     (no boots)
MR     .....                    v - amulet of the gourmand
Stlth  ++........               u - ring of protection from fire
                                e - ring of ice

@: not resistant to hostile enchantments, unstealthy
A: carnivore 3
a: Depart the Abyss, Bend Space, Renounce Religion


You were on level 5 of the Dungeon.
You worshipped Lugonu.
Lugonu was pleased with you.
You were completely stuffed.

You visited 1 branch of the dungeon, and saw 5 of its levels.
You visited the Abyss 1 time.

You collected 309 gold pieces.

Inventory:

Hand Weapons
 a - a +1 short sword (weapon)
Armour
 j - a +0 cloak (worn)
 q - a +0 leather armour (worn)
 w - a +0 helmet (worn)
Jewellery
 e - a ring of ice (left hand)
 f - a +5 ring of intelligence
 s - an uncursed ring of flight
 u - a ring of protection from fire (right hand)
 v - an amulet of the gourmand (around neck)
Scrolls
 b - 2 scrolls of immolation {unknown}
 l - 2 scrolls of magic mapping
 n - a scroll of remove curse
 p - a scroll of teleportation {unknown}
Potions
 d - 2 potions of curing {unknown}
 g - a potion of cure mutation {unknown}
 h - a potion of heal wounds
 i - 3 potions of flight
 k - 2 potions of lignification {unknown}
 o - a potion of agility {unknown}
 t - a potion of ambrosia {unknown}
Comestibles
 c - 3 meat rations
 m - a beef jerky
 r - a royal jelly


   Skills:
 + Level 3.9 Fighting
 * Level 4.8 Short Blades
 + Level 1.9 Armour
 * Level 5.8 Dodging
 * Level 2.4 Stealth
 * Level 3.0 Invocations


You had 6 spell levels left.
You didn't know any spells.

Dungeon Overview and Level Annotations

Branches:
Dungeon (5/15)
 Temple: D:4-7

Altars:
Dithmenos
Fedhas
Kikubaaqudgha
Makhleb
Trog
Vehumet

Shops:
D:4 :


Innate Abilities, Weirdness & Mutations

You are small and have problems with some larger weapons.
You are carnivorous and can eat meat at any time.


Message History

There is an open door here.
You open the door.
There is an open door here.
A centaur comes into view.
The centaur shouts!
The centaur wields a shortbow.
The centaur shoots an arrow of dispersal.
The arrow of dispersal completely misses you.
The centaur shoots an arrow of dispersal.
The arrow of dispersal hits you!
You blink.
A centaur comes into view.
The centaur shouts!
The centaur wields a shortbow.
The centaur shoots an arrow of dispersal.
The arrow of dispersal hits you!
* * * LOW HITPOINT WARNING * * *
You blink.
The centaur shoots an arrow of dispersal.
The arrow of dispersal hits you!
You die...

....####....# #c##.######....
....#...)...# #..............
....#.#.....####..#...####....
....#.#.........#.#c..'.......
......#.#######ยง#.#...########
....#......##.........#
#+#.#.#.##.##.......###
#.#.#.#.# #.......# #.# #.#.#
#...@...# #.#.#.#.# #.......#
#.#.#.#.# #.......# #.#.#.#.#
.......#.#
#.#.#...########..#...
#.#.#......... ....>...
#(#.#:##########.... .##
..#.#.......<....... .#
#.....#..###.####...


You could see a centaur.

Vanquished Creatures
  A scorpion (D:4)
  A wyvern skeleton (D:4)
  A hound (D:4)
  A gnoll shaman (D:4)
  2 orc priests (D:4)
  2 worker ants (D:5)
  A hound skeleton (D:3)
  3 adders
  5 gnolls (D:4)
  A shadow imp (D:4)
  2 oozes (D:3)
  An adder zombie (D:5)
  A worm (D:3)
  3 giant geckos
  An orc (D:4)
  2 ball pythons
  4 giant cockroaches
  5 goblins
  6 hobgoblins
  6 jackals
  6 bats
  2 giant gecko skeletons
  4 giant newts
  2 kobolds (D:3)
  A quokka zombie (D:3)
  2 rats
66 creatures vanquished.

Notes
Turn   | Place    | Note
--------------------------------------------------------------
     0 | Abyss:1  | JudasIscariot the Kobold Abyssal Knight began the quest for the Orb.
     0 | Abyss:1  | Reached XP level 1. HP: 14/14 MP: 2/2
    11 | D:1      | Escaped the Abyss
   192 | D:1      | Reached XP level 2. HP: 19/19 MP: 3/3
   783 | D:2      | Reached XP level 3. HP: 20/23 MP: 4/4
   950 | D:2      | Found a radiant altar of Vehumet.
   978 | D:2      | Reached ** piety under Lugonu
  1194 | D:3      | Reached skill level 1 in Armour
  1194 | D:3      | Reached XP level 4. HP: 21/28 MP: 5/5
  1991 | D:3      | Found an ancient bone altar of Kikubaaqudgha.
  1993 | D:3      | Found a blossoming altar of Fedhas.
  2427 | D:5      | Entered Level 5 of the Dungeon
  2790 | D:4      | Reached skill level 4 in Dodging
  2804 | D:4      | Found Tehub's Book Emporium.
  2816 | D:4      | Reached skill level 1 in Stealth
  2816 | D:4      | Reached XP level 5. HP: 10/33 MP: 6/6
  3039 | D:4      | Found a shadowy altar of Dithmenos.
  3122 | D:4      | Found a burning altar of Makhleb.
  3197 | D:4      | Reached XP level 6. HP: 13/38 MP: 8/8
  3674 | D:4      | Reached skill level 5 in Dodging
  4037 | D:4      | Reached XP level 7. HP: 17/42 MP: 9/9
  4541 | D:4      | Found a bloodstained altar of Trog.
  5073 | D:5      | Noticed a centaur
  5081 | D:5      | Shot with an arrow of dispersal by a centaur

Action                   |  1- 3 |  4- 6 |  7- 9 || total
-------------------------+-------+-------+-------++-------
Melee: Short sword       |   109 |   249 |    77 ||   435
  Use: Potion            |     2 |     1 |       ||     3
       Scroll            |       |     4 |       ||     4
 Stab: Sleeping          |     1 |       |     2 ||     3
  Eat: Chunk             |     9 |    10 |     3 ||    22
